[Event "Dam-SM i Blixtschack"]
[Site "Goteborgs Schackcentrum, Vegatan 20, Gothenburg, Sweden"]
[Date "2024.12.07"]
[Round "4.3"]
[White "Nilsson, Elin"]
[Black "Olsson, Linn"]
[Result "0-1"]
[TimeControl "3 minutes + 2 seconds per move from move one"]
[WhiteFideId "1790749"]
[BlackFideId "1722514"]
[WhiteElo "1509"]
[BlackElo "1890"]

1. d4 d5 2. e3 Nc6 3.
Nf3 Bg4 4. Nc3 Nf6 5. Bd2 e6 6. Be2 Bb4 7. Nb5 Bxd2+ 8. Qxd2 a6 9.
Nc3 O-O 10. h3 Bh5 11. a3 Re8 12. O-O e5 13. dxe5 Nxe5 14. Nxe5 Rxe5 15. Rfe1 Bxe2 16. Nxe2 Ne4 17. Qa5 b6 18.
Qa4 Rg5 19. b4 Nd2 20. Red1 Nf3+ 21. Kf1 Nh4 22. Ng3 Qf6 23. Rd2 Rxg3 24. Rxd5 Qxa1+ 25. Ke2 Rg6 26. Rd1 Qf6 27. f3 Nxg2 28.
Qb3 Nh4 29. c4 Qxf3+ 30. Kd2 Rd6+ 31. Kc1 Rxd1+ 32. Qxd1 Qxd1+ 33. Kxd1 Rd8+ 34. Kc2 Nf3 35. Kb3 Rd3+ 36. Kc2 Rxe3 37. c5 Rxa3 38. h4 Nd4+ 39. Kd2 bxc5 40. bxc5 f5 41. Kc1 Ra2 42. Kb1 Rh2 43. Kc1 Kf7 44. Kd1 Ke6 45.
Ke1 Kd5 46. c6 Ke4 47. Kf1 Ra2 48. Kg1 Kf3 49. h5 Ra1+ 50.
Kf1 0-1

[Event "Dam-SM i Blixtschack"]
[Site "Goteborgs Schackcentrum, Vegatan 20, Gothenburg, Sweden"]
[Date "2024.12.07"]
[Round "8.1"]
[White "Nilsson, Elin"]
[Black "Isurina Mariano, Cristine Rose"]
[Result "0-1"]
[TimeControl "3 minutes + 2 seconds per move from move one"]
[BlackTitle "WIM"]
[WhiteFideId "1790749"]
[BlackFideId "5201071"]
[WhiteElo "1509"]
[BlackElo "1920"]

1. d4 e6 2. c4 b6 3.
Nc3 Bb7 4. e4 Bb4 5. Bd2 Bxc3 6. Bxc3 Bxe4 7. Qg4 Bg6 8. d5 Nf6 9. Qf3 exd5 10.
cxd5 Qe7+ 11. Be2 O-O 12. Qf4 d6 13. Nf3 Nbd7 14. O-O Qxe2 15. Ng5 Qh5 16. h3 Rae8 17. Nf3 Nxd5 18. Qc4 Nxc3 19.
bxc3 c5 20. a4 Ne5 21. Nxe5 Rxe5 22. a5 Re4 23. Qa6 bxa5 24.
Qxa5 Re2 25. Qxa7 Be4 26. Ra2 Qg6 27. g3 Rxa2 28. Qxa2 d5 29. Qe2 c4 30. Qb2 Bf3 0-1